 Dungeon Crawl Stone Soup version 0.21.1-1-g345015f (webtiles) character file.

123 prawnwizard the Ruffian (level 5, -2/36 HPs)
             Began as an Octopode Fighter on July 4, 2018.
             Slain by a river rat (8 damage)
             ... on level 3 of the Dungeon.
             The game lasted 00:03:52 (2275 turns).

prawnwizard the Ruffian (Octopode Fighter)          Turns: 2275, Time: 00:03:52

Health: -2/36      AC:  1    Str: 15    XL:     5   Next: 7%
Magic:  5/5        EV: 14    Int: 14    God:
Gold:   74         SH:  0    Dex: 12    Spells: 4/4 levels left

rFire    . . .     SeeInvis .     - Unarmed
rCold    . . .     Gourm    .   (no shield)
rNeg     . . .     Faith    +   (helmet restricted)
rPois    .         Spirit   .   i - amulet of faith
rElec    .         Reflect  .   j - +3 ring of intelligence
rCorr    .         Harm     .   (no ring)
MR       .....                  (no ring)
Stlth    ++........             (no ring)
HPRegen  0.12/turn              (no ring)
MPRegen  0.09/turn              (no ring)
                                (no ring)
                                (no ring)

@: lethally poisoned (-2 -> -5)
A: almost no armour, stealthy swim, amphibious, 8 rings, constrict 8, camouflage
1, gelatinous body 1
a: no special abilities


You were on level 3 of the Dungeon.
You were not hungry.

You visited 1 branch of the dungeon, and saw 3 of its levels.

You collected 74 gold pieces.

Inventory:

Armour
 n - a +0 buckler
Jewellery
 i - an amulet of faith (around mantle)
 j - a +3 ring of intelligence (left tentacle)
 r - a cursed amulet of rage {unknown}
Wands
 o - a wand of random effects (32)
Scrolls
 e - 2 scrolls of identify {unknown}
 k - a scroll of teleportation {unknown}
 m - 2 scrolls of immolation {unknown}
 q - a scroll of fear {unknown}
Potions
 a - 2 potions of mutation {unknown}
 b - 2 potions of might
 d - 2 potions of haste {unknown}
 f - a potion of brilliance {unknown}
 g - a potion of curing {unknown}
 l - a potion of cancellation {unknown}
 p - a potion of ambrosia {unknown}
Comestibles
 c - 9 rations
 h - 2 chunks of flesh


   Skills:
 - Level 3.0 Fighting
 + Level 3.7 Dodging
 * Level 3.8 Shields
 * Level 3.8 Unarmed Combat


You had 4 spell levels left.
You didn't know any spells.

Dungeon Overview and Level Annotations

Branches:
Dungeon (3/15)

Altars:
Cheibriados
Dithmenos
Nemelex Xobeh
Sif Muna
Vehumet

Portals:
Sewer: D:3


Innate Abilities, Weirdness & Mutations

You cannot wear most types of armour.
You are very stealthy in the water. (Stealth+)
You are amphibious.
You can wear up to eight rings at the same time.
You can use your tentacles to constrict eight enemies at once.
Your skin changes colour to match your surroundings (Stealth+).
Your rubbery body absorbs attacks. (AC +1, EV +1)


Message History

You are more poisoned.
The adder poisons you!
You tentacle-slap the adder.
You kill the adder!
You have reached level 5!
You feel clever.
You feel sick.
You closely miss the ball python. You grab the ball python.
You kill the ball python!
You feel sick.
You tentacle-slap the rat.
You kill the rat!
You closely miss the rat. Your grab misses the rat.
Your squeeze misses the rat.
You feel sick.
You tentacle-slap the river rat but do no damage.
You grab the river rat. You constrict the river rat.
You barely miss the river rat.
The river rat is moderately wounded.
You constrict the river rat.
You feel sick. The river rat bites you!
You die...

#≈≈≈...########.#######
#≈≈≈...................
#≈≈.†.#####.###.####.#.
##..####....#.# #.#.
#.........#.#.# #.#.
#(.####.#.#.#.# #.#.
#..#.......<#.# #.#.
#.$######.###.# #.#.
#.rr@.......#.# #.#.
#.#######.#.#.# #.## #.
....# ## #.### ##.##
.>. ..... #.# ####.##
... .....## .# #...
+...


You could see a river rat and a rat.

Vanquished Creatures
  A hound (D:2)
  3 adders
  2 oozes (D:2)
  2 worms (D:2)
  3 dart slugs
  A ball python (D:3)
  8 bats
  A giant cockroach (D:2)
  4 hobgoblins
  2 jackals (D:2)
  2 frilled lizards (D:2)
  8 goblins
  7 kobolds
  4 rats
48 creatures vanquished.

Notes
Turn   | Place    | Note
-------+----------+-------------------------------------------
     0 | D:1      | prawnwizard the Octopode Fighter began the quest for the Orb.
     0 | D:1      | Reached XP level 1. HP: 16/16 MP: 1/1
   201 | D:1      | Reached XP level 2. HP: 15/21 MP: 2/2
   915 | D:2      | Reached XP level 3. HP: 26/26 MP: 3/3
  1141 | D:2      | Reached XP level 4. HP: 10/31 MP: 4/4
  1625 | D:2      | Found a sparkling altar of Nemelex Xobeh.
  1683 | D:2      | Found a radiant altar of Vehumet.
  1686 | D:2      | Found a shadowy altar of Dithmenos.
  1689 | D:2      | Found a snail-covered altar of Cheibriados.
  2064 | D:2      | Found a deep blue altar of Sif Muna.
  2251 | D:3      | Found a glowing drain.
  2270 | D:3      | Reached XP level 5. HP: 10/36 MP: 5/5
  2275 | D:3      | Slain by a river rat

Skill      XL: |  1  2 |
---------------+-------+-----
Unarmed Combat | 3 |  3.8
Fighting       | |  3.0
Dodging        | |  3.7
Shields        | |  3.8

Action                   |  1- 3 |  4- 6 || total
-------------------------+-------+-------++-------
Melee: Unarmed           |    55 |    61 ||   116
       Constrict         |    23 |    12 ||    35
       Tentacles         |     7 |     8 ||    15
       Punch             |     1 |     1 ||     2
 Stab: Sleeping          |     4 |     5 ||     9
  Eat: Chunk             |     1 |     3 ||     4
Armor: Skin              |     3 |     2 ||     5
Dodge: Dodged            |    36 |    33 ||    69
